 Dungeon Crawl Stone Soup version 0.20.0-15-g7f486f2 (webtiles) character file.

25323 StormFighter the Thaumaturge (level 12, -5/71 HPs)
             Began as a Deep Elf Conjurer on June 18, 2017.
             Was a High Priest of Vehumet.
             Engulfed by a cloud of freezing vapour (7 damage)
             ... in an ice cave on June 21, 2017.
             The game lasted 01:24:23 (18967 turns).

StormFighter the Thaumaturge (Deep Elf Conjurer)   Turns: 18967, Time: 01:24:24

Health: -5/71      AC: 10    Str:  6    XL:     12   Next: 88%
Magic:  28/32      EV: 21    Int: 30    God:    Vehumet [*****.]
Gold:   696        SH:  0    Dex: 15    Spells: 16/39 levels left

rFire    . . .     SeeInvis .   T - +5 quick blade "Xocrucsa" {vamp, rPois MR+}
rCold    + . .     Gourm    .   (no shield)
rNeg     . . .     Faith    .   a - +0 robe
rPois    +         Spirit   .   N - +2 helmet
rElec    .         Reflect  .   t - +0 cloak
rCorr    .         Harm     .   O - +2 pair of gloves
MR       ++...                  Q - +0 pair of boots
Stlth    ++........             (no amulet)
Regen    0.3/turn               i - ring of protection from cold
MPRegen  0.3/turn               y - +5 ring of intelligence

@: no status effects
A: no striking features
a: Renounce Religion


You were in an ice cave.
You worshipped Vehumet.
Vehumet was extremely pleased with you.
You were not hungry.

You visited 3 branches of the dungeon, and saw 16 of its levels.
You also visited: Ice Cave.

You collected 1013 gold pieces.
You spent 317 gold pieces at shops.

Inventory:

Hand Weapons
 b - a +2 scimitar of flaming
 T - the +5 quick blade "Xocrucsa" (weapon) {vamp, rPois MR+}
   (You found it on level 8 of the Dungeon)

   It inflicts no extra harm, but heals its wielder when it wounds a living foe.
   It protects you from poison.
   It affects your resistance to hostile enchantments.
Missiles
 P - a throwing net (quivered)
Armour
 a - a +0 robe (worn)
 t - a +0 cloak (worn)
 N - a +2 helmet (worn)
 O - a +2 pair of gloves (worn)
 Q - a +0 pair of boots (worn)
 W - a +0 buckler
Magical Staves
 X - an uncursed staff of wizardry {unknown}
Jewellery
 i - a ring of protection from cold (left hand)
 s - a +5 ring of evasion
 w - an uncursed ring of wizardry
 y - a +5 ring of intelligence (right hand)
 J - an uncursed ring of resist corrosion
 V - an uncursed ring of protection from fire
 Y - a +3 ring of intelligence
Wands
 z - a wand of iceblast (7/15)
 I - a wand of iceblast (6/15)
 R - a wand of acid (7/15)
Scrolls
 e - a scroll of immolation {unknown}
 j - 3 scrolls of recharging {unknown}
 n - 5 scrolls of identify
 p - 10 scrolls of remove curse
 r - 4 scrolls of amnesia
 u - 5 scrolls of enchant armour
 v - 5 scrolls of magic mapping
 B - 2 scrolls of blinking {unknown}
 C - 5 scrolls of teleportation
 F - 4 scrolls of enchant weapon {unknown}
 G - 7 scrolls of fog
 K - a scroll of random uselessness {unknown}
 S - a scroll of summoning {unknown}
 U - a scroll of torment {unknown}
Potions
 g - 2 potions of lignification {unknown}
 k - 4 potions of cancellation {unknown}
 l - 3 potions of haste
 m - 5 potions of flight {unknown}
 o - a potion of invisibility {unknown}
 q - a potion of heal wounds {unknown}
 x - 2 potions of agility {unknown}
 A - 3 potions of might {unknown}
 D - a potion of magic {unknown}
 H - 7 potions of curing {unknown}
 L - 2 potions of mutation {unknown}
 M - 2 potions of berserk rage {unknown}
Comestibles
 c - 15 bread rations
 d - 9 royal jellies
 f - 18 fruits
 h - 13 meat rations
 E - 4 chunks of flesh


   Skills:
 * Level 6.9 Fighting
 + Level 12.1 Dodging
 - Level 2.4 Stealth
 - Level 14.4 Spellcasting
 - Level 10.4 Conjurations
 - Level 7.6 Hexes
 - Level 5.2 Summonings
 - Level 3.1 Translocations
 + Level 6.6 Air Magic


You had 16 spell levels left.
You knew the following spells:

 Your Spells              Type           Power        Failure   Level  Hunger
a - Magic Dart            Conj           ####         1%          1    None
b - Searing Ray           Conj           ######       1%          2    None
c - Iskenderun's Mystic   Conj           ######..     1%          4    None
d - Force Lance           Conj/Tloc      ######..     1%          4    None
e - Summon Butterflies    Summ           ######..     1%          1    None
f - Apportation           Tloc           #####.       1%          1    None
g - Confuse               Hex            ######..     1%          3    None
h - Summon Lightning Spi  Summ/Air       ######..     1%          4    None
i - Conjure Flame         Conj/Fire      ######..     1%          3    None


Dungeon Overview and Level Annotations

Branches:
Dungeon (11/15)            Temple (1/1) D:6            Lair (4/6) D:10
    Orc (0/2) D:10
  Swamp: Lair:2-4    Shoals: Lair:2-4     Snake: Lair:2-4    Spider: Lair:2-4

Altars:
Ashenzari
Cheibriados
Dithmenos
Elyvilon
Fedhas
Kikubaaqudgha
Nemelex Xobeh
Okawaru
Qazlal
Ru
Uskayaw
Vehumet
Xom
Zin
The Shining One

Shops:
D:6 ?   D:11 [

Annotations:
D:9 Gastronok


Message History

You are engulfed in freezing vapours.
You resist.
You are engulfed in freezing vapours.
You resist.
Really walk into that cloud of freezing vapour?
Okay, then.
You start resting.
You are engulfed in freezing vapours.
You resist.
* * * LOW HITPOINT WARNING * * *
You enter the shallow water.
Moving in this stuff is going to be slow.
You start resting.
You are engulfed in freezing vapours.
You resist.
* * * LOW HITPOINT WARNING * * *
You are engulfed in freezing vapours.
You resist.
* * * LOW HITPOINT WARNING * * *
You see here a yak corpse.
Okay, then.
You are engulfed in freezing vapours.
You resist.
* * * LOW HITPOINT WARNING * * *
You are engulfed in freezing vapours.
You resist.
You die...

###### ###.@§§###
###...##§§§###
##...#.####§§.##
##...###.# ##§..#
#...###.###§†§###
##....####YY###
##.#.### #...
##...## ##.
##..### ##


There were no monsters in sight!

Vanquished Creatures
  4 hydras
  Erica (Lair:2)
  A two-headed ogre (D:10)
  An ugly thing (D:11)
  An elephant (Lair:1)
  3 komodo dragons
  The ghost of vishdafish the Cutter, a novice KoAs (D:3)
  A troll (D:8)
  2 polar bears (IceCv)
  3 hippogriffs
  Sigmund (D:2)
  2 wyverns (D:10)
  28 yaks
  3 hungry ghosts (D:10)
  A steam dragon (D:11)
  2 insubstantial wisps (Lair:1)
  A vampire mosquito (Lair:1)
  A water moccasin (Lair:3)
  4 porcupines (Lair:3)
  8 orc warriors
  Duvessa (D:6)
  An ice beast (D:10)
  A phantom (D:9)
  An eye of draining (D:10)
  A black bear (D:6)
  6 ogres
  6 wolves
  9 centaurs
  5 crocodiles
  Blork the orc (D:4)
  7 big kobolds
  14 bullfrogs
  5 gnoll sergeants (D:10)
  Dowan (D:6)
  A wyvern skeleton (D:7)
  2 scorpions
  10 killer bees
  11 wights
  2 howler monkeys (D:10)
  3 electric eels
  2 crimson imps
  2 bullfrog zombies
  2 orc priests
  2 bullfrog skeletons
  5 hounds
  5 centaur skeletons
  Jessica (D:2)
  3 iguanas
  9 orc wizards
  9 worker ants
  2 hound zombies (D:5)
  2 hound skeletons
  A howler monkey zombie (D:5)
  4 worker ant zombies (D:5)
  Robin (D:4)
  5 gnolls
  13 adders
  A shadow imp (D:9)
  2 oozes
  4 adder skeletons
  2 adder zombies
  2 leopard geckos
  44 orcs
  2 ball pythons
  2 giant cockroaches
  13 goblins
  6 hobgoblins
  14 jackals
  A quokka (D:4)
  5 bats
  A frilled lizard (D:1)
  17 kobolds
  2 leopard gecko zombies
  A quokka skeleton (D:7)
  A quokka zombie (D:5)
  7 rats
  A butterfly (Lair:3)
  A plant (Lair:1)
354 creatures vanquished.

Vanquished Creatures (collateral kills)
  A black mamba (Lair:2)
  2 kobold demonologists (D:11)
  A rime drake (Lair:1)
  A komodo dragon (Lair:1)
  A troll (D:10)
  7 polar bears
  2 hippogriffs
  14 yaks
  3 vampire mosquitoes (Lair:1)
  4 water moccasins
  3 porcupines
  14 wolves
  2 centaurs (D:11)
  5 crocodiles
  2 big kobolds (D:11)
  4 bullfrogs
  A gnoll sergeant (D:11)
  A wight (D:10)
  A hound (D:11)
  2 gnolls (D:11)
  3 kobolds (D:11)
74 creatures vanquished.

Vanquished Creatures (others)
  5 yaks (IceCv)
  A vampire mosquito (Lair:1)
  A hobgoblin (D:3)
  2 fungi (Lair:2)
  4 plants
13 creatures vanquished.

Grand Total: 441 creatures vanquished

Notes
Turn   | Place    | Note
-------+----------+-------------------------------------------
     0 | D:1      | StormFighter the Deep Elf Conjurer began the quest for the Orb.
     0 | D:1      | Reached XP level 1. HP: 10/10 MP: 6/6
   276 | D:1      | Reached XP level 2. HP: 15/15 MP: 4/8
   288 | D:1      | Learned a level 2 spell: Searing Ray
   291 | D:1      | Reached skill level 5 in Conjurations
   919 | D:2      | Reached XP level 3. HP: 19/19 MP: 5/9
   944 | D:2      | Found a shimmering altar of Xom.
   966 | D:2      | Noticed Sigmund
   970 | D:2      | Killed Sigmund
   970 | D:2      | Reached XP level 4. HP: 24/24 MP: 3/10
   970 | D:2      | Reached XP level 5. HP: 28/28 MP: 3/11
  1166 | D:2      | Learned a level 4 spell: Iskenderun's Mystic Blast
  1208 | D:2      | Found a faded altar of an unknown god.
  1230 | D:2      | Noticed Jessica
  1233 | D:2      | Killed Jessica
  1327 | D:2      | Found a shadowy altar of Dithmenos.
  1861 | D:3      | Noticed vishdafish's ghost (novice KoAs)
  1869 | D:3      | Killed vishdafish's ghost
  1869 | D:3      | Reached skill level 5 in Spellcasting
  1869 | D:3      | Reached XP level 6. HP: 32/32 MP: 1/16
  2011 | D:3      | Found a stormy altar of Qazlal.
  2089 | D:3      | Reached skill level 6 in Spellcasting
  2469 | D:4      | Noticed Blork the orc
  2473 | D:4      | Killed Blork the orc
  2473 | D:4      | Reached XP level 7. HP: 36/36 MP: 4/18
  2562 | D:4      | Found a hide-covered altar of Uskayaw.
  2707 | D:4      | Reached skill level 7 in Spellcasting
  3022 | D:4      | Noticed Robin
  3106 | D:4      | Killed Robin
  3422 | D:4      | Reached skill level 8 in Spellcasting
  3428 | D:4      | Learned a level 4 spell: Force Lance
  3650 | D:4      | Reached XP level 8. HP: 41/41 MP: 8/22
  3713 | D:5      | Entered Level 5 of the Dungeon
  3874 | D:5      | Reached skill level 9 in Spellcasting
  4854 | D:6      | Reached skill level 10 in Spellcasting
  4861 | D:6      | Reached skill level 11 in Spellcasting
  5186 | D:6      | Noticed Duvessa
  5192 | D:6      | Killed Duvessa
  5201 | D:6      | Noticed Dowan
  5323 | D:6      | Killed Dowan
  5323 | D:6      | Reached XP level 9. HP: 45/45 MP: 21/26
  5506 | D:6      | Found Uboraon's Magic Scroll Shop.
  5521 | D:6      | Bought a scroll of magic mapping for 45 gold pieces
  5521 | D:6      | Bought a scroll of fog for 26 gold pieces
  5521 | D:6      | Bought a scroll of teleportation for 39 gold pieces
  5521 | D:6      | Bought a scroll of remove curse for 39 gold pieces
  5521 | D:6      | Bought a scroll of identify for 26 gold pieces
  5521 | D:6      | Bought a scroll of amnesia for 45 gold pieces
  5521 | D:6      | Bought a scroll of enchant armour for 97 gold pieces
  5565 | D:6      | Found a staircase to the Ecumenical Temple.
  5574 | Temple   | Entered the Ecumenical Temple
  5628 | Temple   | Became a worshipper of Vehumet
  5771 | D:6      | Found an ancient bone altar of Kikubaaqudgha.
  6120 | D:6      | Reached skill level 10 in Conjurations
  6312 | D:7      | Reached skill level 12 in Spellcasting
  6913 | D:7      | Learned a level 1 spell: Summon Butterflies
  6915 | D:7      | Learned a level 1 spell: Apportation
  6919 | D:7      | Learned a level 3 spell: Confuse
  6922 | D:7      | Reached skill level 1 in Hexes
  6923 | D:7      | Reached skill level 13 in Spellcasting
  7442 | D:8      | Got a scorched quick blade
  7489 | D:8      | Identified the +5 quick blade "Xocrucsa" {vamp, rPois MR+} (You found it on level 8 of the Dungeon)
  7706 | D:8      | Found a blossoming altar of Fedhas.
  7773 | D:8      | Reached * piety under Vehumet
  7773 | D:8      | Offered knowledge of Freeze by Vehumet.
  7798 | D:8      | Learned a level 4 spell: Summon Lightning Spire
  7877 | D:8      | Noticed a troll
  7923 | D:8      | Reached skill level 5 in Dodging
  7991 | D:8      | Killed a troll
  7991 | D:8      | Reached XP level 10. HP: 30/50 MP: 11/29
  8373 | D:9      | Reached skill level 5 in Hexes
  8600 | D:9      | Noticed Gastronok
  8809 | D:9      | Reached skill level 1 in Translocations
  8867 | D:9      | Found a sacrificial altar of Ru.
  9054 | D:10     | Entered Level 10 of the Dungeon
  9239 | D:10     | Reached ** piety under Vehumet
  9239 | D:10     | Offered knowledge of Sting by Vehumet.
  9520 | D:10     | Reached skill level 1 in Summonings
  9776 | D:10     | Noticed a two-headed ogre
  9791 | D:10     | Killed a two-headed ogre
 10169 | D:10     | Reached XP level 11. HP: 40/54 MP: 19/30
 10179 | D:10     | Reached skill level 14 in Spellcasting
 10463 | D:10     | Offered knowledge of Conjure Flame by Vehumet.
 10488 | D:10     | Learned a level 3 spell: Conjure Flame
 10558 | D:10     | Found a staircase to the Lair.
 10782 | D:10     | Found a staircase to the Orcish Mines.
 10916 | D:10     | Reached *** piety under Vehumet
 11217 | D:10     | Reached skill level 5 in Summonings
 11542 | D:11     | Offered knowledge of Inner Flame by Vehumet.
 11614 | D:11     | Reached skill level 1 in Air Magic
 11889 | D:11     | Noticed a purple ugly thing
 11896 | D:11     | Killed a purple ugly thing
 12336 | D:11     | Reached skill level 10 in Dodging
 12404 | D:11     | Reached **** piety under Vehumet
 12413 | D:11     | Found Kuseyrch's Armour Shoppe.
 12499 | D:11     | Offered knowledge of Sticky Flame by Vehumet.
 13507 | Lair:1   | Entered Level 1 of the Lair of Beasts
 13680 | Lair:1   | Reached skill level 1 in Fighting
 14950 | Lair:2   | Noticed Erica
 15036 | Lair:2   | Reached XP level 12. HP: 64/64 MP: 18/32
 15257 | Lair:2   | Reached ***** piety under Vehumet
 15405 | Lair:2   | Killed Erica
 15405 | Lair:2   | Offered knowledge of Freezing Cloud by Vehumet.
 15535 | Lair:2   | Noticed a four-headed hydra
 15551 | Lair:2   | Killed a four-headed hydra
 15771 | Lair:2   | Reached skill level 5 in Air Magic
 16383 | Lair:2   | You fall through a shaft!
 16383 | Lair:3   | Noticed a four-headed hydra
 17018 | Lair:3   | Killed a four-headed hydra
 17018 | Lair:3   | Reached skill level 5 in Fighting
 17484 | Lair:3   | Noticed a seven-headed hydra
 17490 | Lair:3   | Killed a seven-headed hydra
 17910 | Lair:3   | Noticed a seven-headed hydra
 17918 | Lair:3   | Killed a seven-headed hydra
 18037 | Lair:3   | Got a twisted scythe
 18038 | Lair:3   | Identified the +4 scythe "Orb Guardian's Doom" {chaos, rElec} (You found it on level 3 of the Lair of Beasts)
 18126 | Lair:4   | Found a frozen archway.
 18137 | IceCv    | Entered an ice cave
 18966 | IceCv    | HP: 2/71 [something (4)]
 18967 | IceCv    | Engulfed by a cloud of freezing vapour

Skill      XL: |  1  2  3  4  5  6  7  8  9 10 11 12 |
---------------+-------------------------------------+-----
Conjurations   | 5 7 8 9 10 | 10.4
Spellcasting   | 5 6 8 11 13 14 | 14.4
Hexes          | 4 6 7 |  7.6
Dodging        | 5 8 10 12 | 12.1
Translocations | 3 |  3.1
Summonings     | 3 5 |  5.2
Air Magic      | 4 6 |  6.6
Fighting       | 3 6 |  6.9
Stealth        | |  2.4

Action                   |  1- 3 |  4- 6 |  7- 9 | 10-12 || total
-------------------------+-------+-------+-------+-------++-------
Melee: Unarmed           |     5 |       |       |       ||     5
       Dagger            |       |       |     2 |       ||     2
       Quick blade       |       |       |       |   136 ||   136
 Cast: Magic Dart        |    34 |    60 |   258 |   222 ||   574
       Searing Ray       |     2 |     4 |    28 |    27 ||    61
       Iskenderun's Myst |       |     5 |    64 |   175 ||   244
       Force Lance       |       |       |       |    64 ||    64
       Summon Lightning  |       |       |       |    68 ||    68
       Confuse           |       |       |       |    28 ||    28
       Conjure Flame     |       |       |       |    11 ||    11
  Use: Scroll            |       |       |     1 |     4 ||     5
 Stab: Sleeping          |       |       |     1 |     1 ||     2
       Confused          |       |       |       |     7 ||     7
  Eat: Chunk             |       |     5 |    16 |    31 ||    52
       Fruit             |       |       |     6 |     1 ||     7
       Royal jelly       |       |       |       |     1 ||     1
Armor: Robe              |     2 |     4 |    14 |    23 ||    43
Dodge: Dodged            |     5 |     7 |   119 |   169 ||   300
